 Dungeon Crawl Stone Soup version 0.30-a0-1116-gebefce21f7 (webtiles) character file.

Game seed: 3736761376785530886

1486 LobsterGuardian the Magician (level 8, -5/59 HPs)
             Began as a White Draconian Fire Elementalist on Apr 22, 2023.
             Was an Initiate of Qazlal.
             Slain by a gnoll
             ... wielding a +0 spear
             ... led by a gnoll sergeant
              (6 damage)
             ... on level 6 of the Dungeon.
             The game lasted 00:17:47 (6472 turns).

LobsterGuardian the Magician (DrFE)                 Turns: 6472, Time: 00:17:49

Health: -5/59      AC:  7    Str:  9    XL:     8   Next: 50%
Magic:  17/17      EV: 12    Int: 22    God:    Qazlal [......]
Gold:   272        SH:  0    Dex: 14    Spells: 9/19 levels left

rFire   . . .      SeeInvis +    n - +4 dagger "Pofaatem" {holy, Dex+3 SInv}
rCold   + . .      Faith    .    (no shield)
rNeg    . . .      Spirit   .    (body armour unavailable)
rPois   .          Reflect  .    (helmet restricted)
rElec   .          Rampage  .    (no cloak)
rCorr   .                        v - +0 pair of gloves
Will    .....                    (no boots)
Stlth   +                        (no amulet)
HPRegen 0.29/turn                b - ring of see invisible
MPRegen 0.15/turn                d - ring of wizardry

@: confused, ambrosia-drunk, hasted, invisible (expiring), very quick
A: breathe frost, AC +6, unfitting armour, cold resistance 1, cold-blooded,
stinger 1, clever 1
a: Breathe Frost, Renounce Religion


You were on level 6 of the Dungeon.
You worshipped Qazlal.
Qazlal was noncommittal.
You visited 2 branches of the dungeon, and saw 7 of its levels.
You also visited: Ossuary.

You collected 272 gold pieces.

Inventory:

Hand Weapons
 l - a +3 short sword
 n - the +4 dagger "Pofaatem" (weapon) {holy, Dex+3 SInv}
   (You found it on level 2 of the Dungeon)

   Dex:       It affects your dexterity (+3).
   SInv:      It lets you see invisible.
Missiles
 g - 3 throwing nets
Armour
 v - a +0 pair of gloves (worn)
Jewellery
 b - a ring of see invisible (left hand)
 d - a ring of wizardry (right hand)
Wands
 w - a wand of acid (12)
Scrolls
 c - a scroll of torment
 e - a scroll of teleportation
 f - 3 scrolls of vulnerability
 i - a scroll of silence {unknown}
 j - 2 scrolls of amnesia
 o - 3 scrolls of magic mapping {unknown}
 q - a scroll of enchant armour {unknown}
 t - a scroll of fog
 u - a scroll of brand weapon {unknown}
Potions
 a - a potion of mutation
 k - a potion of brilliance
 m - a potion of invisibility
 s - a potion of berserk rage


   Skills:
 + Level 1.5 Fighting
 + Level 2.6 Short Blades
 + Level 2.4 Dodging
 + Level 2.2 Stealth
 * Level 6.1 Spellcasting
 + Level 2.3 Conjurations
 * Level 6.1 Fire Magic
 * Level 1.6 Invocations


You had 9 spell levels left.
You knew the following spells:

 Your Spells              Type           Power      Damage    Failure   Level
a - Foxfire               Conj/Fire      100%       2x1d9     1%          1
b - Scorch                Fire           66%        2d7       1%          2
c - Inner Flame           Hex/Fire       20%        N/A       3%          3
d - Flame Wave            Conj/Fire      25%        2d8       6%          4

Your spell library contained the following spells:

 Spells                   Type           Power      Damage    Failure   Level
 Magic Dart               Conj           64%        1d6       1%          1
 Searing Ray              Conj           32%        2d5       2%          2
 Volatile Blastmotes      Fire/Tloc      40%        2d13      3%          3
 Lesser Beckoning         Tloc           12%        N/A       6%          2
 Gell's Gravitas          Tloc           6%         N/A       11%         3
 Teleport Other           Tloc           6%         N/A       11%         3
 Fulminant Prism          Conj/Hex       5%         3d6       22%         4


Dungeon Overview and Level Annotations

Branches:
Dungeon (6/15)             Temple (1/1) D:5         Ossuary (visited)

Altars:
Cheibriados
Dithmenos
Elyvilon
Fedhas
Gozag
Hepliaklqana
Makhleb
Nemelex Xobeh
Okawaru
Qazlal
Ru
Sif Muna
Trog
Uskayaw
Vehumet
Wu Jian
Xom
Yredelemnul
The Shining One

Shops:
D:6 (

Annotations:
D:6 Grinder


Innate Abilities, Weirdness & Mutations

You can breathe waves of freezing cold which knock back foes.
Your icy white scales are hard. (AC +6)
You cannot fit into any form of body armour.
Your flesh is cold resistant. (rC+)
You are cold-blooded and may be slowed by cold attacks.
Your tail ends in a venomous barb.
Your mind is acute. (Int +4, Str/Dex -1)


Message History

The gnoll hits you but does no damage.
You can move again.
Unknown command.
Unknown command.
Unknown command.
Unknown command.
It was a potion of mutation.
You feel extremely strange.
A venomous barb forms on the end of your tail.
You feel clever.
You flicker for a moment.
Grinder hits you.
* * * LOW HITPOINT WARNING * * *
You writhe in agony.
* * * LOW HITPOINT WARNING * * *
The gnoll sergeant barely misses you. The gnoll closely misses you.
It was a potion of curing.
You feel better. Grinder barely misses you.
The gnoll sergeant closely misses you.
The gnoll hits you from afar with a +0 spear.
* * * LOW HITPOINT WARNING * * *
Unknown command.
It was a potion of ambrosia.
You are confused.
You feel invigorated. Grinder hits you but does no damage.
The gnoll sergeant barely misses you. The gnoll closely misses you.
Unknown command.
You're too confused to move!
Grinder completely misses you. The gnoll sergeant barely misses you.
The gnoll barely misses you.
You hit Grinder but do no damage.
Your tail-slap misses Grinder.
Grinder barely misses you.
The gnoll sergeant hits you with a +0 trident!
* * * LOW HITPOINT WARNING * * *
The gnoll closely misses you.
Okay, then.
You feel yourself speed up. Grinder gestures at you.
Pain shoots through your body!
* * * LOW HITPOINT WARNING * * *
The gnoll sergeant barely misses you.
The gnoll hits you from afar with a +0 spear.
You die...

. #.# ...... #.####
[...#. #....###
.....############...#
#.#.........# ##..# .
#...........# ##..##
...##.........# #..##
#..).5..∩....###.##
###.)@......##..#
#)g.)....)...##
.)...g.......####
####.........#
###########


You could see Grinder (unable to see you), a gnoll sergeant (unable to see you)
and a gnoll (unable to see you).

Vanquished Creatures
  Sigmund (D:3)
  An ogre (D:5)
  2 black bears
  A centaur (D:6)
  A gnoll sergeant (D:5)
  3 scorpions
  2 howler monkeys
  3 hounds
  A gnoll bouda (D:4)
  Terence (D:2)
  4 iguanas
  Jessica (D:2)
  A mummy (Ossuary)
  13 gnolls
  9 adders
  2 ufetubi
  2 worms (D:5)
  5 dart slugs
  18 orcs
  3 spectral bats (Ossuary)
  5 bats
  5 endoplasms
  2 giant cockroaches
  7 goblins
  5 hobgoblins
  3 jackals (D:1)
  6 quokkas
  10 ball pythons
  5 bat simulacra (Ossuary)
  A frilled lizard (D:3)
  12 gnoll zombies (Ossuary)
  7 goblin simulacra (Ossuary)
  3 goblin zombies (Ossuary)
  A hobgoblin zombie (Ossuary)
  A jackal zombie (D:5)
  6 kobolds
  3 kobold simulacra (Ossuary)
  9 kobold zombies (Ossuary)
  5 orc zombies (Ossuary)
  7 rats
  2 rat simulacra (Ossuary)
  2 spectral goblins (Ossuary)
  2 spectral kobolds (Ossuary)
  2 spectral rats (Ossuary)
185 creatures vanquished.

Vanquished Creatures (others)
  237 foxfires
237 creatures vanquished.

Grand Total: 422 creatures vanquished

Notes
Turn   | Place    | Note
-------+----------+-------------------------------------------
     0 | D:1      | LobsterGuardian the Draconian Fire Elementalist began the
                  | quest for the Orb.
     0 | D:1      | Reached XP level 1. HP: 14/14 MP: 3/3
   209 | D:1      | Reached XP level 2. HP: 18/20 MP: 1/5
   562 | D:1      | Reached XP level 3. HP: 26/26 MP: 4/6
   891 | D:2      | Identified the +4 dagger "Pofaatem" {holy, Dex+3 SInv}
   937 | D:2      | Learned a level 2 spell: Scorch
   941 | D:2      | Learned a level 3 spell: Inner Flame
  1057 | D:2      | Found a shimmering altar of Xom.
  1272 | D:2      | Noticed Jessica
  1275 | D:2      | Killed Jessica
  1276 | D:2      | Reached XP level 4. HP: 33/33 MP: 4/8
  1689 | D:2      | Noticed Terence
  1707 | D:2      | Killed Terence
  2041 | D:3      | Reached XP level 5. HP: 30/38 MP: 6/9
  2568 | D:3      | Noticed Sigmund
  2593 | D:3      | Killed Sigmund
  2594 | D:3      | Reached skill level 5 in Fire Magic
  2594 | D:3      | Reached XP level 6. HP: 17/46 MP: 1/11
  2763 | D:3      | Learned a level 4 spell: Flame Wave
  3425 | D:4      | Found a white marble altar of Elyvilon.
  3572 | D:4      | Your scales start taking on an icy white colour.
  3572 | D:4      | Reached XP level 7. HP: 51/51 MP: 9/13
  3572 | D:4      | Gained mutation: Your flesh is cold resistant. (rC+) [White
                  | Draconian growth]
  3839 | D:4      | Found a basalt altar of Yredelemnul.
  4196 | D:5      | Entered Level 5 of the Dungeon
  4200 | D:5      | Found a sand-covered staircase.
  4208 | D:5      | Reached skill level 1 in Fighting
  4209 | D:5      | Reached skill level 5 in Fire Magic
  4213 | D:5      | Reached skill level 1 in Short Blades
  4325 | Ossuary  | Entered an ossuary
  4733 | D:5      | Reached skill level 5 in Spellcasting
  5104 | D:5      | Found a staircase to the Ecumenical Temple.
  5129 | Temple   | Entered the Ecumenical Temple
  5309 | Temple   | Became a worshipper of Qazlal Stormbringer
  5460 | D:5      | Reached skill level 1 in Invocations
  5460 | D:5      | Reached XP level 8. HP: 12/59 MP: 1/16
  6386 | D:6      | Found Kual's Weapon Shop.
  6447 | D:6      | Noticed Grinder
  6462 | D:6      | Paralysed by Grinder for 4 turns
  6467 | D:6      | Gained mutation: Your tail ends in a venomous barb. [potion
                  | of mutation]
  6467 | D:6      | Gained mutation: Your mind is acute. (Int +4, Str/Dex -1)
                  | [potion of mutation]
  6467 | D:6      | HP: 2/59 [Grinder (1)]
  6472 | D:6      | HP: 1/59 [Grinder/nerve-wracking pain (14)]
  6472 | D:6      | Slain by a gnoll

Illustrated notes

Levels and vault maps discovered:
D:1:      dpeg_arrival_boxes_within_box, layout_rooms, minmay_pentomino_o2
D:2:      layout_loops_ring, basic_altar, uniq_terence, uniq_jessica
D:3:      layout_basic, grunt_decor_one_mirror, kennysheep_generic_room_9,
          uniq_sigmund
D:4:      layout_cave_pools, mainiacjoe_overflow_tiny_flanked,
          lemuel_coloured_pillars_altar
D:5:      layout_loops_cross, minmay_temple_entry_slanted, enter_ossuary_3
D:6:      layout_rooms, gammafunk_ghost_cemetery, serial_shops, shop,
          uniq_grinder
Temple:   nicolae_temple_bog_church

Skill      XL: |  1  2  3  4  5  6  7  8 |
---------------+-------------------------+-----
Fire Magic     | 4 5 4 5 6 |  6.1
Spellcasting   | 3 4 5 6 |  6.1
Dodging        | 2 |  2.4
Conjurations   | 2 |  2.3
Fighting       | 1 |  1.5
Short Blades   | 2 |  2.6
Stealth        | 2 |  2.2
Invocations    | 1 |  1.6

Action                     |  1- 3 |  4- 6 |  7- 9 || total
---------------------------+-------+-------+-------++-------
  Melee: Unarmed           |    46 |       |       ||    46
         Tailslap          |     8 |     8 |    28 ||    44
         Punch             |     3 |     2 |     4 ||     9
         Dagger            |     6 |    29 |   192 ||   227
         Short sword       |       |    31 |     8 ||    39
  Throw: Throwing net      |       |       |     2 ||     2
   Cast: Foxfire           |    48 |    47 |    45 ||   140
         Scorch            |     2 |    27 |    45 ||    74
         Flame Wave        |       |       |     2 ||     2
         Inner Flame       |       |       |     1 ||     1
Ability: Breathe Frost     |       |       |     3 ||     3
    Use: Scroll            |     4 |     3 |     5 ||    12
         Potion            |       |     7 |     5 ||    12
   Stab: Sleeping          |     1 |       |     4 ||     5
         Held in net/web   |       |       |     1 ||     1
         Invisible         |       |       |     1 ||     1
 Armour: Skin              |    21 |    31 |    90 ||   142
  Dodge: Dodged            |    40 |    53 |   159 ||   252

Table legend: (Time is in decaauts)
 A = Elapsed time spent in this place.
 B = Non-inter-level travel time spent in this place.
 C = Inter-level travel time spent in this place.
 D = Time resting spent in this place.
 E = Time spent auto-exploring this place.
 F = Levels seen in this place.
 G = Mean time per level.
                   A        B        C        D        E       F      G
               +--------+--------+--------+--------+--------+-----+--------+
         Total |   6459 |   6203 |    256 |     14 |   5109 |   8 |  807.4 |
       Dungeon |   5880 |   5649 |    231 |      0 |   4756 |   6 |  980.0 |
        Temple |    197 |    173 |     24 |      0 |    159 |   1 |  197.0 |
       Ossuary |    381 |    381 |      0 |     14 |    194 |   1 |  381.0 |
               +--------+--------+--------+--------+--------+-----+--------+

Top non-repeatable levels by time:
     D:5: 1366 daAuts
     D:3: 1281 daAuts
     D:2: 1180 daAuts
     D:4: 956 daAuts
     D:1: 776 daAuts
 Ossuary: 381 daAuts
     D:6: 319 daAuts
  Temple: 197 daAuts
